 Dungeon Crawl Stone Soup version 0.19.0-22-gd96e5fe (webtiles) character file.

1901 dobroeutro the Basher (level 9, -1/54 HPs)
             Began as a Gargoyle Fighter on Nov 19, 2016.
             Was a Priest of Okawaru.
             Slain by a troll (8 damage)
             ... on level 9 of the Dungeon.
             The game lasted 00:06:28 (4596 turns).

dobroeutro the Basher (Gargoyle Fighter)            Turns: 4596, Time: 00:06:29

Health: -1/54      AC: 13    Str: 23    XL:     9   Next: 15%
Magic:  9/9        EV:  8    Int:  8    God:    Okawaru [***...]
Gold:   308        SH: 10    Dex: 10    Spells: 0 memorised, 8 levels left

rFire  + . .     SeeInvis .     a - +1 flail
rCold  . . .     Gourm    .     b - +0 scale mail
rNeg   + . .     Faith    .     c - +1 shield
rPois  ∞         Spirit   .     (no helmet)
rElec  +         Reflect  .     (no cloak)
rCorr  .         Harm     .     (no gloves)
MR     .....                    (no boots)
Stlth  +.........               (no amulet)
                                z - ring of stealth
                                k - ring of protection from fire

@: no status effects
A: negative energy resistance 1, electricity resistance, unbreathing,
petrification resistance, rot immunity, AC +5
a: Heroism, Renounce Religion


You were on level 9 of the Dungeon.
You worshipped Okawaru.
Okawaru was most pleased with you.
You were not hungry.

You visited 1 branch of the dungeon, and saw 7 of its levels.

You collected 308 gold pieces.

Inventory:

Hand Weapons
 a - a +1 flail (weapon)
Armour
 b - a +0 scale mail (worn)
 c - a +1 shield (worn)
Jewellery
 k - a ring of protection from fire (left hand)
 z - a ring of stealth (right hand)
Wands
 y - a wand of flame (8/48)
Scrolls
 e - 2 scrolls of teleportation
 h - 5 scrolls of identify
 j - a scroll of magic mapping
 n - 2 scrolls of remove curse
Potions
 d - 2 potions of might
 m - a potion of mutation
 o - a potion of curing {unknown}
 p - a potion of haste {unknown}
 q - a potion of agility {unknown}
 r - a potion of berserk rage {unknown}
 s - a potion of ambrosia {unknown}
 t - a potion of resistance {unknown}
 v - a potion of brilliance {unknown}
 x - a potion of lignification {unknown}
Comestibles
 f - 3 bread rations
 g - 2 meat rations
 i - a royal jelly
 l - 3 fruits
 u - 4 beef jerkies
 w - 2 slices of pizza


   Skills:
 + Level 5.1 Fighting
 * Level 10.0 Maces & Flails
 + Level 5.1 Armour
 + Level 2.5 Dodging
 - Level 3.2 Shields


You had 8 spell levels left.
You didn't know any spells.

Dungeon Overview and Level Annotations

Branches:
Dungeon (9/15)
 Temple: D:4-7         Lair: D:8-11         Orc: D:9-12

Altars:
Okawaru
Sif Muna


Innate Abilities, Weirdness & Mutations

You are resistant to torment.
Your stone body is resilient. (AC +5)
You are immune to poison.
You resist negative energy. (rN+)
You are resistant to electric shocks. (rElec)
You can survive without breathing.
You are immune to petrification.
You are immune to rotting.


Message History

Things that are here:
a rapier; 23 stones
There is a stone staircase leading down here.
You block the orc warrior's attack.
You climb downwards.
A bullfrog skeleton comes into view.
Found a stone staircase leading up.
There is a stone staircase leading up here.
A troll comes into view.
The troll shouts!
The troll moves out of view.
The troll bites you!
* * * LOW HITPOINT WARNING * * *
The troll claws you!
* * * LOW HITPOINT WARNING * * *
You block the troll's attack.
There is a stone staircase leading up here.
The orc warrior hits you but does no damage.
You block the troll's attack. The troll claws you!
You die...

. #. #.#.
#.#.#
##....#
.......##
#.......##
.........#
.......@.#
......ToZ#
#.......##
##......#
##...#.#
##.##.####
#....<..#
####.##.#
#.. ..


You could see a troll, an orc warrior and a bullfrog skeleton.

Vanquished Creatures
  Grinder (D:3)
  A hippogriff (D:8)
  Edmund (D:5)
  An ice beast (D:5)
  A phantom (D:5)
  2 ogres (D:4)
  4 bullfrogs (D:8)
  3 scorpions
  A wyvern skeleton (D:8)
  A howler monkey (D:5)
  2 crimson imps
  A hound (D:4)
  A jelly (D:3)
  A bullfrog skeleton (D:8)
  2 orc wizards
  An iguana (D:5)
  2 worker ants
  7 gnolls
  7 adders
  2 oozes
  3 adder zombies
  A worm (D:5)
  4 dart slugs
  4 leopard geckos
  10 orcs
  6 giant cockroaches
  8 goblins
  11 hobgoblins
  3 jackals (D:1)
  7 kobolds
  3 quokkas
  A ball python (D:1)
  4 bats
  7 frilled lizards
  9 rats
123 creatures vanquished.

Notes
Turn   | Place    | Note
-------+----------+-------------------------------------------
     0 | D:1      | dobroeutro the Gargoyle Fighter began the quest for the Orb.
     0 | D:1      | Reached XP level 1. HP: 14/14 MP: 1/1
   102 | D:3      | Noticed a jelly
   105 | D:3      | Killed a jelly
   105 | D:3      | Reached skill level 3 in Maces & Flails
   105 | D:3      | Reached XP level 2. HP: 9/19 MP: 2/2
   105 | D:3      | Reached XP level 3. HP: 11/23 MP: 3/3
   306 | D:3      | Noticed Grinder
   323 | D:3      | Paralysed by Grinder for 6 turns
   740 | D:4      | Reached skill level 4 in Maces & Flails
   740 | D:4      | Reached XP level 4. HP: 22/28 MP: 4/4
   798 | D:5      | Entered Level 5 of the Dungeon
   798 | D:5      | Noticed an ice beast
   810 | D:4      | Found an iron altar of Okawaru.
   816 | D:4      | Found a deep blue altar of Sif Muna.
   821 | D:4      | Became a worshipper of Warmaster Okawaru
   988 | D:1      | Reached skill level 5 in Maces & Flails
  1036 | D:1      | Reached XP level 5. HP: 32/32 MP: 5/5
  2144 | D:2      | Reached skill level 6 in Maces & Flails
  2254 | D:2      | Reached XP level 6. HP: 28/37 MP: 6/6
  2652 | D:3      | Found a faded altar of an unknown god.
  2840 | D:3      | Paralysed by Grinder for 3 turns
  2853 | D:3      | Paralysed by Grinder for 6 turns
  2866 | D:3      | Paralysed by Grinder for 2 turns
  2878 | D:3      | Killed Grinder
  2878 | D:3      | Reached * piety under Okawaru
  2878 | D:3      | Reached skill level 7 in Maces & Flails
  2878 | D:3      | Reached XP level 7. HP: 24/41 MP: 7/7
  3288 | D:4      | Reached skill level 8 in Maces & Flails
  3315 | D:4      | Got a faintly humming leather armour
  3326 | D:4      | Identified the cursed +0 leather armour of Ittosh {rPois Int+4} (You found it on level 4 of the Dungeon)
  3725 | D:5      | Reached ** piety under Okawaru
  3725 | D:5      | Reached XP level 8. HP: 46/46 MP: 8/8
  3766 | D:5      | Reached skill level 9 in Maces & Flails
  3858 | D:5      | Reached skill level 1 in Dodging
  3877 | D:5      | Noticed Edmund
  3898 | D:5      | Killed Edmund
  4182 | D:5      | You fall through a shaft for 3 floors!
  4281 | D:8      | Reached *** piety under Okawaru
  4340 | D:8      | Noticed a hippogriff
  4352 | D:8      | Killed a hippogriff
  4352 | D:8      | Reached XP level 9. HP: 25/53 MP: 6/9
  4445 | D:8      | Reached skill level 5 in Fighting
  4445 | D:8      | Reached skill level 5 in Armour
  4544 | D:8      | Reached skill level 10 in Maces & Flails
  4549 | D:8      | Noticed a two-headed ogre
  4591 | D:9      | Noticed a troll
  4596 | D:9      | Slain by a troll

Skill      XL: |  1  2  3  4  5  6  7  8  9 |
---------------+----------------------------+-----
Maces & Flails | 3 4 5 6 7 8 9 10 | 10.0
Dodging        | 2 |  2.5
Fighting       | 4 5 |  5.1
Armour         | 4 5 |  5.1
Shields        | |  3.2

Action                   |  1- 3 |  4- 6 |  7- 9 || total
-------------------------+-------+-------+-------++-------
Melee: Flail             |    44 |   213 |   302 ||   559
Invok: Heroism           |       |       |     1 ||     1
  Use: Scroll            |       |       |     8 ||     8
  Eat: Chunk             |       |     7 |     6 ||    13
Armor: Scale mail        |    30 |   106 |   131 ||   267
Dodge: Dodged            |    17 |    68 |    70 ||   155
Block: Shield            |    36 |   117 |   165 ||   318
